 Dungeon Crawl Stone Soup version 0.30.0-29-ga12c61a403 (webtiles) character file.

Game seed: 4586495892193025213

182 cdecastro the Shooter (level 5, -1/46 HPs)
             Began as a Minotaur Hunter on June 22, 2023.
             Slain by a gnoll
             ... wielding a +0 club
             ... led by a gnoll sergeant
              (4 damage)
             ... on level 2 of the Dungeon.
             The game lasted 00:04:12 (2407 turns).

cdecastro the Shooter (Minotaur Hunter)             Turns: 2407, Time: 00:04:13

Health: -1/46      AC:  6    Str: 18    XL:     5   Next: 34%
Magic:  4/4        EV: 10    Int:  6    God:
Gold:   110        SH:  0    Dex: 13    Spells: 4/4 levels left

rFire   . . .        a - +0 shortbow
rCold   . . .        (shield currently unavailable)
rNeg    . . .        n - +0 scale mail
rPois   .            (helmet restricted)
rElec   .            (no cloak)
rCorr   .            (no gloves)
SInv    .            (no boots)
Will    .....        (no amulet) Stlth
                     (no ring)
HPRegen 0.27/turn    (no ring)
MPRegen 0.09/turn

%: no passive effects
@: no status effects
A: horns 2, retaliatory headbutt
a: no special abilities


You were on level 2 of the Dungeon.
You visited 1 branch of the dungeon, and saw 3 of its levels.

You collected 110 gold pieces.

Inventory:

Hand Weapons
 a - a +0 shortbow (weapon)
Armour
 c - a +0 leather armour
 n - a +0 scale mail (worn)
Jewellery
 l - a ring of poison resistance
 s - a ring of flight
Wands
 j - a wand of flame (9)
 m - a wand of iceblast (11)
Scrolls
 b - a scroll of immolation
 g - 2 scrolls of amnesia {unknown}
 i - 2 scrolls of identify {unknown}
 o - a scroll of butterflies {unknown}
 p - a scroll of enchant armour {unknown}
 q - a scroll of vulnerability {unknown}
 r - a scroll of noise {unknown}
Potions
 d - a potion of ambrosia {unknown}
 e - a potion of flight {unknown}
 f - a potion of invisibility {unknown}
 h - a potion of haste {unknown}
 k - a potion of magic {unknown}


   Skills:
 + Level 4.3 Fighting
 * Level 6.5 Ranged Weapons
 - Level 2.1 Dodging
 - Level 0.7 Stealth


You had 4 spell levels left.
You didn't know any spells.
Your spell library contained the following spells:

 Spells                   Type           Power      Damage    Failure   Level
 Hailstorm                Conj/Ice       0%         3d3       99%         3
 Ice Form                 Ice/Tmut       0%         N/A       100%        4
 Simulacrum               Ice/Necr       0%         N/A       100%        6


Dungeon Overview and Level Annotations

Branches:
Dungeon (3/15)

Altars:


Innate Abilities, Weirdness & Mutations

You have a pair of horns on your head.
You reflexively headbutt those who attack you in melee.


Message History

The gnoll shouts!
The arrow hits the gnoll sergeant.
The gnoll sergeant is moderately wounded.
You hear an angry hiss.
The gnoll sergeant hits you from afar with a +2 spear of pain!
You shoot an arrow. The arrow hits the gnoll sergeant!
The gnoll sergeant is severely wounded.
A gnoll comes into view. It is wielding a +0 halberd.
The gnoll sergeant hits you from afar with a +2 spear of pain.
The gnoll sergeant hits you from afar with a +2 spear of pain!
* * * LOW HITPOINT WARNING * * *
You are too injured to fight recklessly!
You are too injured to fight recklessly!
Unknown command.
You are too injured to fight recklessly!
Unknown command.
Fire: a) +0 shortbow
Press: ? - help, Q - select action, (/) - cycle Shift-Dir - straight line, f/p - gnoll sergeant
Aim: a gnoll sergeant, wielding a +2 spear of pain, wearing a +0 ring mail of fire resistance and wearing a +0 buckler (heavily wounded, 70% to hit)
You shoot an arrow. The gnoll shouts!
The arrow hits the gnoll sergeant but does no damage.
The gnoll sergeant is heavily wounded.
The gnoll sergeant hits you from afar with a +2 spear of pain.
* * * LOW HITPOINT WARNING * * *
The gnoll hits you with a +0 club.
* * * LOW HITPOINT WARNING * * *
The gnoll sergeant hits you from afar with a +2 spear of pain!
* * * LOW HITPOINT WARNING * * *
You climb upwards.
There is a stone staircase leading down here.
Unknown command.
Unknown command.
Fire: a) +0 shortbow
Press: ? - help, Q - select action, (/) - cycle Shift-Dir - straight line, f - gnoll
Aim: a gnoll, wielding a +0 club (66% to hit)
You shoot an arrow. The arrow hits the gnoll.
The gnoll is moderately wounded.
The gnoll hits you with a +0 club.
You die...

........# #......#.##............
###.###.# ########.##.##.#######.
......#)# #.##.##......##.
###.#.#.# #.##.##..###.##.
....#.#.# #.##.#...# #.##.
#####.#.# ###.##.#..## #.##.
#.#.# #......#..# #.##.
#.#.########.#.####### #.##.
#.#.........@#.##########.##.
#.#########g.#.............#.
#####.#########..###############.
#............##..................
#.###.######.##.#################
#.#.............#
#.#.#.######.#### #.#.#.# #.#
#...#.######.#


You could see a gnoll.

Vanquished Creatures
  Jessica (D:2)
  An orc wizard (D:3)
  Robin (D:2)
  A gnoll (D:3)
  2 adders (D:2)
  3 worms
  2 dart slugs
  5 orcs (D:3)
  2 endoplasms
  5 giant cockroaches
  15 goblins (D:2)
  7 hobgoblins
  4 jackals (D:1)
  3 quokkas
  6 ball pythons
  2 bats
  6 frilled lizards
  4 kobolds
  A rat (D:1)
71 creatures vanquished.

Notes
Turn   | Place    | Note
-------+----------+-------------------------------------------
     0 | D:1      | cdecastro the Minotaur Hunter began the quest for the Orb.
     0 | D:1      | Reached XP level 1. HP: 18/18 MP: 0/0
   329 | D:1      | Reached XP level 2. HP: 25/25 MP: 1/1
   642 | D:1      | Reached skill level 5 in Ranged Weapons
   817 | D:2      | Reached XP level 3. HP: 19/31 MP: 2/2
  1315 | D:2      | Noticed Jessica
  1317 | D:2      | Killed Jessica
  1318 | D:2      | Reached XP level 4. HP: 23/40 MP: 3/3
  1511 | D:2      | Noticed Robin
  1523 | D:2      | Reached skill level 6 in Ranged Weapons
  1840 | D:2      | Killed Robin
  2024 | D:3      | Reached XP level 5. HP: 23/46 MP: 4/4
  2407 | D:2      | Slain by a gnoll

Illustrated notes

Levels and vault maps discovered:
D:1:      wander_arrival_desolate, layout_loops_corners
D:2:      layout_basic, minivault_26, uniq_robin, uniq_jessica
D:3:      layout_rooms, chequers_serial_rivers_micro_a, minmay_crystal_water

Skill      XL: |  1  2  3  4 |
---------------+-------------+-----
Fighting       | 3 4 |  4.3
Ranged Weapons | 5 6 |  6.5
Dodging        | |  2.1
Stealth        | |  0.7

Action                     |  1- 3 |  4- 6 || total
---------------------------+-------+-------++-------
   Fire: Shortbow          |    73 |   118 ||   191
 Armour: Leather armour    |     6 |    10 ||    16
         Scale mail        |       |     3 ||     3
  Dodge: Dodged            |    14 |    36 ||    50
